 Dungeon Crawl Stone Soup version 0.17-a0-1954-g0dddeaa (webtiles) character file.

228384 brucemayne the Executioner (level 18, -1/176 HPs)
             Began as a Hill Orc Berserker on Oct 3, 2015.
             Was an Elder of Trog.
             Slain by a shadow dragon (12 damage)
             ... on level 5 of the Vaults.
             The game lasted 02:23:21 (17107 turns).

brucemayne the Executioner (Hill Orc Berserker)    Turns: 17107, Time: 02:23:21

Health: -1/176     AC: 34    Str: 31    XL:     18   Next: 95%
Magic:  0/23       EV:  9    Int:  8    God:    Trog [****..]
Gold:   559        SH:  0    Dex: 11    Spells: 0 memorised, 17 levels left

rFire  + . .     SeeInvis .     a - +3 battleaxe (venom)
rCold  . . .     Clarity  +     T - +7 plate armour {rF+}
rNeg   . . .     SustAt   .     (no shield)
rPois  .         Gourm    .     F - +1 helmet
rElec  .         Spirit   +     C - +1 cloak {+Inv}
rCorr  .         Warding  .     O - +2 pair of gloves
rMut   .         Stasis   .     (no boots)
MR     +++..                    t - amulet of guardian spirit
Stlth  ..........               A - +2 ring of slaying
                                J - +3 ring of slaying

@: mighty, very slightly contaminated, regenerating, hasted, drained, very
quick, extremely resistant to hostile enchantments, extremely unstealthy
A: clarity
a: Burn Spellbooks, Berserk, Trog's Hand, Brothers in Arms, Renounce Religion,
Evoke Invisibility
}: 2/15 runes: barnacled, gossamer


You were on level 5 of the Vaults.
You worshipped Trog.
Trog was greatly pleased with you.
You were very hungry.

You visited 7 branches of the dungeon, and saw 38 of its levels.
You visited 1 bazaar.
You also visited: Labyrinth, Bailey and Ice Cave.

You collected 1697 gold pieces.
You spent 1138 gold pieces at shops.

Inventory:

Hand weapons
 a - a +3 battleaxe of venom (weapon)
 d - a +5 antimagic broad axe
 i - a +1 battleaxe of flaming
 o - a +2 demon whip of electrocution
 L - a +1 battleaxe of freezing
Missiles
 g - 13 curare-tipped needles
 k - 5 tomahawks of dispersal (quivered)
 M - 13 silver javelins
Armour
 C - a +1 cloak of invisibility (worn)
 F - a +1 helmet (worn)
 O - a +2 pair of gloves (worn)
 T - a +7 plate armour of fire resistance (worn)
Rods
 Q - a +4 rod of clouds (12/12)
   (You took it off a minotaur in a labyrinth)
Jewellery
 e - an uncursed ring of teleportation
 h - an uncursed ring of protection from magic
 j - an uncursed ring of flight
 t - an amulet of guardian spirit (around neck)
 y - a +3 ring of protection
 z - an uncursed ring of ice
 A - a +2 ring of slaying (right hand)
 J - a +3 ring of slaying (left hand)
 S - an uncursed amulet of stasis
 W - an uncursed ring of protection from fire
Magical devices
 l - a wand of cold (9)
 m - a wand of hasting (5)
 n - a wand of fireball (0)
 r - a wand of disintegration (12)
 x - a wand of cold (4)
 R - a wand of paralysis (7)
Scrolls
 c - a scroll of remove curse
 q - a scroll of recharging
 E - 5 scrolls of enchant armour
 G - 2 scrolls of teleportation
 N - 4 scrolls of enchant weapon
 X - a scroll of fear
 Y - a scroll of summoning
 Z - a scroll of brand weapon
Potions
 p - a potion of cancellation
 u - 3 potions of might
 w - 3 potions of brilliance
 B - a potion of berserk rage {unknown}
 I - 4 potions of curing
 P - a potion of degeneration {unknown}
 U - a potion of beneficial mutation {unknown}
Miscellaneous
 H - a phantom mirror
Comestibles
 b - 3 chunks of flesh
 f - 6 meat rations
 v - 4 bread rations


   Skills:
 - Level 19.0(17.8) Fighting
 + Level 25.7(24.4) Axes
 + Level 18.3(17.2) Armour
 - Level 1.5(0.8) Dodging
 - Level 7.2(6.3) Evocations


You had 17 spell levels left.
You didn't know any spells.

Dungeon Overview and Level Annotations

Branches:
Dungeon (15/15)            Temple (1/1) D:4            Lair (8/8) D:11
 Shoals (4/4) Lair:3       Spider (4/4) Lair:5        Slime (0/6) Lair:8
 Vaults (5/5) D:13         Depths (1/5) D:15
    Orc: D:9-12       Crypt: Vaults:2-3

Altars:
Ashenzari
Cheibriados
Elyvilon
Fedhas
Kikubaaqudgha
Nemelex Xobeh
Okawaru
Ru
Sif Muna
Trog
Vehumet
Yredelemnul
Zin

Shops:
Vaults:2 =   Depths:1 :%

Portals:
Abyss: Depths:1
Trove: D:15 (give +5 demon trident)

Annotations:
D:7 Pikel
D:12 exclusion: upstairs
Lair:3 shoals
Shoals:2 Kirke
Shoals:3 exclusion: Roxanne, Roxanne
Shoals:4 exclusion: upstairs, Ilsuiw
Vaults:2 Aizul


Innate Abilities, Weirdness & Mutations

You possess an exceptional clarity of mind.


Message History

The shadow dragon bites you but does no damage.
The shadow dragon claws you but does no damage.
The shadow dragon claws you.
* * * LOW HITPOINT WARNING * * *
The vault guard hits you with a great mace of draining!
* * * LOW HITPOINT WARNING * * *
You feel drained.
* * * LOW HITPOINT WARNING * * *
Unknown command.
Drink which item? (? for menu, Esc to quit)
Okay, then.
Drink which item? (? for menu, Esc to quit)
Okay, then.
Evoke which item? (* to show all) (? for menu, Esc to quit)
Zapping:
m - a wand of hasting (6)
Press: ? - help, Shift-Dir - straight line, f - you You feel yourself speed up.
This wand has 5 charges left.
The vault guard hits you but does no damage.
The shadow dragon bites you!
You die...

##########################
...........))uOp..........
...........)uCpD@.........
##....)..(################
..........O......
..#....#...#.#.#
#....#.......
#....#..c#.#.
#....#.......
#....#...#....
#....#........


You could see a shadow dragon, 2 very ugly things, a fire giant, 2 vault guards
and an ogre.

Vanquished Creatures
  Nikola (Shoals:2)
  A kraken (Shoals:2)
  A storm dragon (Vaults:4)
  2 tengu reavers (Vaults:5)
  5 vault wardens
  3 fire giants
  4 ghost moths
  2 deep elf sorcerers
  4 emperor scorpions (Spider:4)
  2 ironheart preservers
  4 very ugly things
  2 stone giants
  2 war gargoyles (Vaults:5)
  A deep elf annihilator (Vaults:1)
  2 salamander stormcallers (Vaults:3)
  2 deep elf death magi
  The ghost of vatarom the Nimble, a powerful TrCK of Xom (Lair:3)
  Snorg (D:14)
  5 merfolk javelineers (Shoals:4)
  21 vault guards
  A fire dragon (Vaults:3)
  2 ettins
  A deep elf high priest (Vaults:5)
  A minotaur (Lab)
  3 merfolk impalers
  2 yaktaur captains
  An entropy weaver (Spider:2)
  3 hydras
  3 ice dragons
  4 merfolk aquamancers (Shoals:4)
  6 ogre magi
  An alligator snapping turtle (Shoals:4)
  2 catoblepae
  A deep troll shaman (Lair:8)
  12 death yaks
  4 centaur warriors
  A satyr (Shoals:3)
  An unseen horror (D:15)
  9 skeletal warriors
  6 sea snakes
  2 fire crabs
  2 deep elf knights
  2 ice statues (IceCv)
  5 ironbrand convokers
  4 hill giants
  A lindwurm (Lair:8)
  10 orc knights
  15 harpies
  An oklob plant (Lair:4)
  7 hornets
  A necromancer (Depths:1)
  17 ugly things
  15 wolf spiders
  5 griffons
  10 orb spiders
  8 manticores
  A fire giant zombie (Depths:1)
  5 water nymphs
  3 cyclopes
  6 sirens
  5 vault sentinels
  8 elephants
  A fire giant skeleton (Depths:1)
  A torpor snail (Spider:2)
  A centaur zombie (D:14)
  8 spiny frogs
  Psyche (D:8)
  A black mamba (Lair:7)
  3 kobold demonologists
  5 fire drakes
  5 komodo dragons
  5 trolls
  A demonic crawler (Spider:4)
  32 yaktaurs
  3 efreet
  A tengu conjurer (D:13)
  4 freezing wraiths
  12 two-headed ogres
  4 polar bears
  8 merfolk
  15 slime creatures
  A wolf spider simulacrum (D:15)
  2 wind drakes (Shoals:4)
  A boulder beetle (Lair:6)
  6 snapping turtles
  6 jumping spiders
  9 blink frogs
  A fire dragon skeleton (Depths:1)
  2 centaur simulacra (D:14)
  4 water elementals
  6 trapdoor spiders
  3 deep elf fighters
  2 wyverns
  12 redbacks
  2 basilisks
  4 deep elf magi
  4 shadows
  2 tarantellas (Spider:4)
  A wraith (Vaults:1)
  3 hippogriffs
  22 yaks
  A harpy simulacrum (D:14)
  5 wolves (Lair:8)
  A warg (Vaults:2)
  A soldier ant (D:12)
  9 water moccasins
  Duvessa (D:5)
  2 phantoms
  23 ice beasts
  18 orc warriors
  2 hornet simulacra (D:14)
  2 wasps (Spider:4)
  8 spiders
  4 porcupines
  3 sky beasts
  24 ogres
  A tengu (shapeshifter) (Vaults:1)
  2 black bears (Lair:8)
  5 boggarts
  A necrophage (D:12)
  A human skeleton (Vaults:4)
  7 crocodiles
  13 centaurs
  6 big kobolds
  Blork the orc (D:4)
  9 giant frogs
  A wyvern zombie (D:10)
  Dowan (D:5)
  A wyvern skeleton (D:13)
  19 killer bees
  2 scorpions
  21 wights
  2 electric eels (Lair:3)
  6 crimson imps
  5 jellies
  3 giant frog skeletons (D:13)
  3 orc priests
  11 orc wizards
  6 hounds
  Jessica (D:3)
  4 centaur skeletons
  5 hell rats (Lair:3)
  4 iguanas
  9 worker ants
  6 sheep (Lair:2)
  2 hound zombies (D:4)
  27 river rats
  6 adders
  6 gnolls
  A shadow imp (D:13)
  2 white imps (D:14)
  An adder zombie (D:6)
  An adder skeleton (D:4)
  A giant gecko (D:5)
  71 orcs
  2 giant cockroaches
  2 goblins (D:1)
  13 jackals
  3 quokkas
  14 bats
  11 kobolds
  12 rats
  A bush (Bazaar)
  2 crawling corpses (Vaults:1)
  11 fungi
  10 plants
  3 tentacles (Shoals:2)
  A tentacle segment (Shoals:2)
930 creatures vanquished.

Vanquished Creatures (collateral kills)
  2 skeletal warriors (D:12)
  A sea snake (Shoals:2)
  A slime creature (Lair:8)
  A jelly (Lair:8)
5 creatures vanquished.

Vanquished Creatures (others)
  A sea snake (shapeshifter) (Vaults:3)
  A yaktaur (Vaults:3)
  2 fungi (Lair:7)
  8 plants
  14 tentacles (Shoals:2)
  578 tentacle segments (Shoals:2)
604 creatures vanquished.

Grand Total: 1539 creatures vanquished

Notes
Turn   | Place    | Note
--------------------------------------------------------------
     0 | D:1      | brucemayne the Hill Orc Berserker began the quest for the Orb.
     0 | D:1      | Reached XP level 1. HP: 19/19 MP: 1/1
   141 | D:3      | Noticed Jessica
   150 | D:3      | Killed Jessica
   150 | D:3      | Reached skill level 5 in Axes
   150 | D:3      | Reached XP level 2. HP: 20/26 MP: 2/2
   150 | D:3      | Reached XP level 3. HP: 23/31 MP: 3/3
   326 | D:5      | Entered Level 5 of the Dungeon
   326 | D:5      | Noticed a scorpion
   332 | D:5      | Killed a scorpion
   332 | D:5      | Reached skill level 6 in Axes
   332 | D:5      | Reached XP level 4. HP: 39/39 MP: 4/4
   361 | D:4      | Noticed an ogre
   379 | D:4      | Killed an ogre
   379 | D:4      | Reached skill level 8 in Axes
   379 | D:4      | Reached XP level 5. HP: 45/45 MP: 5/5
   533 | D:2      | Acquired Trog's second power
   603 | D:4      | Noticed Blork the orc
   612 | D:4      | Killed Blork the orc
   612 | D:4      | Reached skill level 9 in Axes
   612 | D:4      | Reached XP level 6. HP: 51/51 MP: 6/6
   636 | D:4      | Found a staircase to the Ecumenical Temple.
   646 | Temple   | Entered the Ecumenical Temple
   883 | D:5      | Noticed Duvessa
   883 | D:5      | Noticed Dowan
   904 | D:5      | Killed Duvessa
   904 | D:5      | Reached skill level 10 in Axes
   904 | D:5      | Reached XP level 7. HP: 54/57 MP: 7/7
   973 | D:5      | Killed Dowan
  1072 | D:6      | Reached skill level 11 in Axes
  1379 | D:6      | Reached XP level 8. HP: 53/67 MP: 8/8
  1384 | D:6      | Reached skill level 5 in Fighting
  1394 | D:6      | Gained mutation: You possess an exceptional clarity of mind. [mutagenic meat]
  1579 | D:7      | Reached skill level 12 in Axes
  1886 | D:8      | Reached XP level 9. HP: 76/80 MP: 9/9
  1914 | D:8      | Noticed Psyche
  2042 | D:7      | Reached skill level 13 in Axes
  2062 | D:7      | Noticed Pikel
  2148 | D:7      | Received a gift from Trog
  2349 | D:8      | Killed Psyche
  2511 | D:9      | Reached skill level 14 in Axes
  2664 | D:10     | Entered Level 10 of the Dungeon
  2771 | D:10     | Reached skill level 10 in Fighting
  2830 | D:10     | Reached XP level 10. HP: 68/93 MP: 10/10
  3206 | D:10     | Noticed a hill giant
  3222 | D:10     | Killed a hill giant
  3222 | D:10     | Reached skill level 15 in Axes
  3222 | D:10     | Reached skill level 5 in Armour
  3341 | D:10     | Noticed a red ugly thing
  3355 | D:10     | Killed a red ugly thing
  3393 | D:11     | Noticed a purple ugly thing
  3406 | D:11     | Killed a purple ugly thing
  3654 | D:12     | Reached skill level 16 in Axes
  3775 | D:12     | Reached XP level 11. HP: 54/99 MP: 11/11
  3776 | D:12     | Received a gift from Trog
  3776 | D:12     | Reached skill level 17 in Axes
  3893 | D:11     | Noticed a hill giant
  3902 | D:11     | Killed a hill giant
  3983 | D:11     | Noticed a green ugly thing
  4006 | D:12     | Got a heavily runed ring mail
  4211 | D:11     | Killed a green ugly thing
  4211 | D:11     | Acquired Trog's third power
  4211 | D:11     | Reached skill level 18 in Axes
  4304 | D:12     | Noticed a skeletal warrior
  4305 | D:12     | Noticed a skeletal warrior
  4306 | D:12     | Noticed a skeletal warrior
  4306 | D:12     | Noticed a skeletal warrior
  4456 | D:11     | Noticed a hill giant
  4462 | D:11     | Killed a hill giant
  4527 | D:11     | Found a staircase to the Lair.
  4867 | D:10     | Noticed a hill giant
  4876 | D:10     | Killed a hill giant
  5176 | D:9      | Reached skill level 19 in Axes
  5550 | D:12     | Noticed a skeletal warrior
  5569 | D:12     | Killed a skeletal warrior
  5575 | D:12     | Killed a skeletal warrior
  5581 | D:12     | Killed a skeletal warrior
  5581 | D:12     | Reached XP level 12. HP: 36/106 MP: 12/12
  5586 | D:12     | Killed a skeletal warrior
  5590 | D:12     | Killed a skeletal warrior
  5590 | D:12     | Reached skill level 20 in Axes
  5867 | Lair:1   | Entered Level 1 of the Lair of Beasts
  5872 | Lair:1   | Identified the +3 ring mail of the Gate {Dex+5 SInv} (You found it on level 12 of the Dungeon)
  6145 | Lair:3   | Noticed vatarom's ghost (powerful TrCK)
  6281 | Lair:4   | Received a gift from Trog
  6334 | Lair:5   | Noticed a catoblepas
  6339 | Lair:5   | Killed a catoblepas
  6432 | Lair:8   | Entered Level 8 of the Lair of Beasts
  6460 | Lair:8   | Found a frozen archway.
  6460 | Lair:8   | Noticed an ice dragon
  6469 | Lair:8   | Killed an ice dragon
  6557 | IceCv    | Entered an ice cave
  6785 | IceCv    | Noticed an ice dragon
  6785 | IceCv    | Noticed an ice dragon
  6798 | IceCv    | Killed an ice dragon
  6799 | IceCv    | Killed an ice dragon
  6846 | IceCv    | Got a bound bone ring
  6925 | Lair:8   | Found a staircase to the Slime Pits.
  6929 | Lair:8   | Found a labyrinth entrance.
  6933 | Lair:8   | Noticed a seven-headed hydra
  6938 | Lab      | Entered a labyrinth
  7050 | Lab      | Noticed a minotaur
  7058 | Lab      | Killed a minotaur
  7058 | Lab      | Reached XP level 13. HP: 117/117 MP: 13/13
  7079 | Lab      | Identified the Disquisition on Attacks and Moulding
  7115 | Lair:8   | Killed a 12-headed hydra
  7250 | Lair:7   | Reached skill level 21 in Axes
  7295 | Lair:6   | Noticed a five-headed hydra
  7378 | Lair:7   | Noticed a death yak
  7380 | Lair:7   | Noticed a death yak
  7380 | Lair:7   | Noticed a death yak
  7381 | Lair:7   | Noticed a death yak
  7381 | Lair:7   | Noticed a death yak
  7382 | Lair:7   | Noticed a death yak
  7409 | Lair:7   | Killed a death yak
  7409 | Lair:7   | Reached skill level 10 in Armour
  7420 | Lair:7   | Killed a death yak
  7428 | Lair:7   | Killed a death yak
  7441 | Lair:7   | Killed a death yak
  7470 | Lair:7   | Killed a death yak
  7472 | Lair:7   | Killed a death yak
  7764 | Lair:8   | Noticed a catoblepas
  7764 | Lair:8   | Noticed a death yak
  7764 | Lair:8   | Noticed a death yak
  7778 | Lair:8   | Noticed a death yak
  7779 | Lair:8   | Noticed a death yak
  7782 | Lair:8   | Killed a catoblepas
  7804 | Lair:8   | Killed a death yak
  7805 | Lair:8   | Killed a death yak
  7809 | Lair:8   | Killed a death yak
  7815 | Lair:8   | Killed a death yak
  7834 | Lair:8   | Noticed a deep troll shaman
  7850 | Lair:8   | Killed a deep troll shaman
  7858 | Lair:8   | Noticed a death yak
  7864 | Lair:8   | Killed a death yak
  7864 | Lair:8   | Reached skill level 22 in Axes
  7920 | Lair:8   | Reached XP level 14. HP: 75/126 MP: 14/14
  7988 | Lair:8   | Identified the ring "Xostenyh" {+Inv rC- Int+4 Stlth-} (You found it in an ice cave)
  8242 | Lair:6   | Noticed a death yak
  8251 | Lair:6   | Killed a death yak
  8512 | Lair:5   | Noticed a five-headed hydra
  8514 | Lair:5   | Noticed a four-headed hydra
  8520 | Lair:5   | Killed a seven-headed hydra
  8520 | Lair:5   | Reached skill level 23 in Axes
  8525 | Lair:5   | Killed a 13-headed hydra
  8859 | Lair:3   | Killed vatarom's ghost
  8877 | Lair:3   | Found a staircase to the Shoals.
  8901 | Lair:3   | Identified a +4 rod of clouds (12/12) (You took it off a minotaur in a labyrinth)
  8902 | Lair:3   | Identified a +2 rod of destruction (9/9) (You found it in a labyrinth)
  8916 | Shoals:1 | Entered Level 1 of the Shoals
  9353 | Shoals:2 | Noticed Nikola
  9372 | Shoals:2 | Killed Nikola
  9372 | Shoals:2 | Reached skill level 24 in Axes
  9376 | Shoals:2 | Noticed a kraken
  9466 | Shoals:2 | Killed a kraken
  9546 | Shoals:2 | HP: 6/127 [water elemental (2)]
  9552 | Shoals:2 | Noticed Kirke
  9705 | Shoals:3 | Noticed Roxanne
  9802 | Shoals:2 | Reached XP level 15. HP: 126/134 MP: 15/15
  9811 | Shoals:2 | Received a gift from Trog
  9939 | Shoals:4 | Entered Level 4 of the Shoals
 10287 | Shoals:3 | Reached skill level 1 in Evocations
 10640 | Shoals:4 | Noticed Ilsuiw
 10700 | Shoals:4 | Reached skill level 5 in Evocations
 10924 | Shoals:4 | Got a barnacled rune of Zot
 11115 | Lair:5   | Found a hole to the Spider Nest.
 11130 | Spider:1 | Entered Level 1 of the Spider Nest
 11762 | Spider:4 | Entered Level 4 of the Spider Nest
 11829 | Spider:4 | Reached XP level 16. HP: 78/145 MP: 15/21
 12077 | Spider:4 | Reached skill level 25 in Axes
 12168 | Spider:4 | Paralysed by a hornet for 2 turns
 12332 | Spider:4 | Got a gossamer rune of Zot
 12610 | Lair:2   | Reached skill level 15 in Fighting
 12678 | Lair:2   | Received a gift from Trog
 13001 | D:14     | Noticed Snorg
 13012 | D:14     | Killed Snorg
 13031 | D:14     | Found an ancient bone altar of Kikubaaqudgha.
 13044 | D:14     | Found a flagged portal.
 13093 | Bailey   | Entered a bailey
 13401 | D:15     | Entered Level 15 of the Dungeon
 13449 | D:15     | Found a portal to a secret trove of treasure.
 13711 | D:15     | Found a staircase to the Depths.
 13739 | Depths:1 | Entered Level 1 of the Depths
 13781 | Depths:1 | Found Gawkyes's Food Boutique.
 13783 | Depths:1 | Found Fymi's Book Boutique.
 13783 | Depths:1 | Found a one-way gate to the infinite horrors of the Abyss.
 13855 | D:15     | Received a gift from Trog
 13921 | D:14     | Found a bloodstained altar of Trog.
 14180 | D:13     | Reached XP level 17. HP: 158/158 MP: 22/22
 14212 | D:13     | Reached skill level 15 in Armour
 14244 | D:13     | Found a gate to the Vaults.
 14256 | Vaults:1 | Entered Level 1 of the Vaults
 14316 | Vaults:1 | Identified Cigotuvi's Reference Book on Evil
 14399 | Vaults:1 | Received a gift from Trog
 14899 | Vaults:1 | Found a deep blue altar of Sif Muna.
 15045 | Vaults:1 | Received a gift from Trog
 15097 | Vaults:1 | Found a flickering gateway to a bazaar.
 15111 | Bazaar   | Entered a bazaar
 15111 | Bazaar   | Found Kuass's Assorted Antiques.
 15111 | Bazaar   | Found Lihare's Armour Boutique.
 15111 | Bazaar   | Found Eveom's Weapon Boutique.
 15111 | Bazaar   | Found Amucw's Assorted Antiques.
 15111 | Bazaar   | Found Saupli's Assorted Antiques.
 15111 | Bazaar   | Found Azeotz's Magic Scroll Shop.
 15146 | Bazaar   | Bought a potion of might for 84 gold pieces
 15146 | Bazaar   | Bought a shiny helmet for 94 gold pieces
 15162 | Bazaar   | Bought 2 potions of curing for 132 gold pieces
 15162 | Bazaar   | Bought a murky sapphire potion for 19 gold pieces
 15162 | Bazaar   | Bought a pair of embroidered gloves for 99 gold pieces
 15175 | Bazaar   | Bought a murky sapphire potion for 23 gold pieces
 15175 | Bazaar   | Bought a granite ring for 130 gold pieces
 15175 | Bazaar   | Bought a fizzy amethyst potion for 23 gold pieces
 15175 | Bazaar   | Bought a large lapis lazuli amulet for 130 gold pieces
 15175 | Bazaar   | Bought a scroll labeled HEUTUOD FAMENNA for 26 gold pieces
 15175 | Bazaar   | Identified a scroll of acquirement
 15231 | Vaults:2 | Noticed Aizul
 15814 | Vaults:2 | Reached XP level 18. HP: 61/172 MP: 11/23
 15882 | Vaults:2 | Found Fenwonk's Jewellery Boutique.
 15912 | Vaults:2 | Bought a +2 ring of slaying for 378 gold pieces
 16516 | Vaults:4 | Paralysed by a hornet for 4 turns
 16892 | Vaults:5 | Entered Level 5 of the Vaults
 17107 | Vaults:5 | Slain by a shadow dragon

Vault maps used:
D:1:      zelgadis_glass_arrival_small
D:2:      lemuel_crystal_altar, uniq_terence
D:3:      first_bread, grunt_decor_one_mirror, uniq_jessica
D:4:      minitemple, minmay_temple_entry_overgrown, serial_undead,
          serial_undead_a, serial_undead_b, serial_undead_b, serial_undead_a,
          minmay_misc_feat_doors, uniq_blork_the_orc, uniq_natasha,
          uniq_menkaure
D:5:      uniq_duvessa
D:7:      uniq_pikel
D:8:      uniq_gastronok, uniq_psyche
D:10:     orc_0_dummy
D:11:     grunt_lair_entry_elf_guard_hut
D:13:     hangedman_vaults_entry_quadrant_bands
D:14:     lemuel_coloured_pillars_altar, basic_altar, serial_ice, serial_ice_j,
          serial_ice_n, serial_ice_o, serial_ice_c, serial_ice_g, serial_ice_d,
          serial_ice_h, enter_bailey_2, grunt_ogre_cave, st_stairs_3,
          minmay_unpleasant_kobolds, uniq_snorg
D:15:     grunt_enter_depths_giant_problem, enter_trove_1,
          minmay_misc_feat_room, minmay_stone_trees_small
Temple:   eino_temple_water_12
Lair:1:   minmay_hedge_maze
Lair:3:   elwin_shoals_entry_rooms
Lair:5:   spider_nest_entry_web_field
Lair:6:   hangedman_lair_generics_rect
Lair:8:   grunt_lair_end_beastmaster, minmay_slime_entry_pillars,
          lab_entry_generic, portal_ice_cave_entry_dragon, lemuel_old_faithful
Shoals:2: uniq_nikola, uniq_polyphemus, uniq_kirke
Shoals:3: nicolae_shoals_so_close, uniq_roxanne
Shoals:4: shoals_end_simple, shoal_ilsuiw
Spider:1: uniq_donald
Spider:2: guppyfry_spider_mini_2
Spider:3: uniq_agnes
Spider:4: spider_rune_water, hangedman_spider_mandibles
Vaults:1: v_misc_27, ontoclasm_vaults_water_temple, vaults_dpeg_encased_lava,
          vaults_room_door_hall, hangedman_vaults_pinch, v_misc_18, v_pattern_1,
          serial_shops, bzr_entry_dummy, basic_altar
Vaults:2: hangedman_vaults_corner_blocks, ontoclasm_vaults_eye,
          ontoclasm_vaults_misaligned, ontoclasm_vaults_fault,
          nicolae_vaults_twisting_passages, v_misc_11, v_pattern_5,
          dpeg_vaults_monster_row, v_misc_19,
          nicolae_vaults_good_morning_starshine, v_alt_pattern_2,
          vaults_dpeg_doors, ontoclasm_vaults_ring_small,
          ontoclasm_vaults_shuriken, ontoclasm_vaults_pinch, serial_shops,
          nicolae_shop_window_shopping, uniq_aizul
Vaults:3: minmay_crypt_entry_simple_corners, ontoclasm_vaults_hangar,
          grunt_vaults_trifunnel, vaults_standard_mumra_enter_the_diamond,
          vaults_room_hallway, vaults_room_door_hall, v_misc_32,
          dpeg_vaults_monster_box
Vaults:4: v_misc_29, nicolae_vaults_big_ls, v_misc_27, v_misc_25,
          ontoclasm_vaults_ligature, sword_in_stone, vaults_room_stairs_pillars,
          hangedman_vaults_impose, nicolae_vaults_little_squares_1,
          vaults_room_semicircle, vaults_dpeg_spiral,
          nicolae_vaults_little_squares_3, serial_shops, nicolae_shop_waterfront
Depths:1: serial_shops, shop, shop, nicolae_shop_stone, abyss_entry,
          serial_column_ruins, column_ruins_temple_hut, column_ruins_hut,
          column_ruins_open_medium_water, column_ruins_grid_2,
          column_ruins_open_small, grunt_hell_entry_dis_mu,
          lightli_gold_pyramid, firewood_loft
Lab:      labyrinth_watery, labyrinth_skeletal_remains, nicolae_lab_checkerboard
Bazaar:   bazaar_minmay_trees
Bailey:   bailey_polearm_5, bailey
IceCv:    ice_cave_small_dragons

Action                   |  1- 3 |  4- 6 |  7- 9 | 10-12 | 13-15 | 16-18 || total
-------------------------+-------+-------+-------+-------+-------+-------++-------
Melee: Hand axe          |    40 |   159 |   202 |       |       |       ||   401
       War axe           |       |       |   190 |   169 |       |       ||   359
       Battleaxe         |       |       |       |   408 |   856 |  1078 ||  2342
Invok: Berserk           |     2 |     5 |    12 |    12 |    10 |     4 ||    45
       Trog's Hand       |       |     1 |     8 |    17 |    45 |    46 ||   117
       Brothers in Arms  |       |       |       |     2 |     1 |     2 ||     5
Evoke: Wand              |       |       |     5 |     4 |    10 |     8 ||    27
  Use: Scroll            |       |     4 |    10 |     9 |    15 |    16 ||    54
       Potion            |       |       |     3 |     2 |    18 |    13 ||    36
 Stab: Sleeping          |     1 |       |       |       |       |       ||     1
       Distracted        |       |       |       |     2 |       |       ||     2
       Petrifying        |       |       |       |       |     1 |       ||     1
       Paralysed         |       |       |       |       |       |     8 ||     8
  Eat: Chunk             |       |     6 |    18 |    13 |    17 |    18 ||    72
       Bread ration      |       |       |     1 |     1 |       |       ||     2
       Fruit             |       |       |       |     5 |     4 |     5 ||    14
       Beef jerky        |       |       |       |     2 |       |     2 ||     4
       Pizza             |       |       |       |     2 |       |       ||     2
       Meat ration       |       |       |       |     1 |     2 |     1 ||     4
       Royal jelly       |       |       |       |       |     1 |       ||     1
